 Dungeon Crawl Stone Soup version 0.30.1-9-gdf580d7c3d (webtiles) character file.

Game seed: 59842754741626338

114 ringo67 the Grasshopper (level 5, 0/41 HPs)
             Began as a Human Warper on Oct 2, 2023.
             Slain by an ogre
             ... wielding a +0 giant club
              (17 damage)
             ... on level 4 of the Dungeon.
             The game lasted 00:05:10 (2457 turns).

ringo67 the Grasshopper (Human Warper)              Turns: 2457, Time: 00:05:11

Health: 0/41       AC:  8    Str: 13    XL:     5   Next: 19%
Magic:  8/8        EV:  6    Int: 14    God:
Gold:   93         SH:  3    Dex: 12    Spells: 8/8 levels left

rFire   . . .        a - +0 mace
rCold   . . .        x - +0 buckler
rNeg    . . .        i - +0 chain mail
rPois   .            (no helmet)
rElec   .            (no cloak)
rCorr   .            (no gloves)
SInv    .            (no boots)
Will    .....        q - amulet of the acrobat Stlth
                     (no ring)
HPRegen 0.26/turn    (no ring)
MPRegen 0.11/turn

%: acrobat
@: no status effects
A: no striking features
a: no special abilities


You were on level 4 of the Dungeon.
You visited 1 branch of the dungeon, and saw 4 of its levels.

You collected 93 gold pieces.

Inventory:

Hand Weapons
 a - a +0 mace (weapon)
Missiles
 b - 5 boomerangs (quivered)
 d - 7 boomerangs of dispersal
 j - 4 atropa-tipped darts
Armour
 f - a +0 scale mail
 i - a +0 chain mail (worn)
 x - a +0 buckler (worn)
Jewellery
 k - a +6 ring of intelligence
 l - an amulet of faith
 q - an amulet of the acrobat (around neck)
 r - a ring of fire
 w - a ring of ice
Scrolls
 c - a scroll of blinking
 e - 6 scrolls of identify {unknown}
 n - a scroll of immolation {unknown}
 s - a scroll of fog {unknown}
 u - a scroll of teleportation {unknown}
Potions
 g - 2 potions of heal wounds {unknown}
 h - 3 potions of curing
 m - a potion of brilliance {unknown}
 o - a potion of mutation {unknown}
 p - a potion of cancellation {unknown}
 t - a potion of flight {unknown}


   Skills:
 + Level 3.1 Fighting
 + Level 3.1 Maces & Flails
 - Level 1.0 Throwing
 + Level 2.4 Armour
 - Level 2.0 Dodging
 + Level 0.6 Shields
 - Level 2.0 Spellcasting
 - Level 3.2 Translocations


You had 8 spell levels left.
You didn't know any spells.
Your spell library contained the following spells:

 Spells                   Type           Power      Damage    Failure   Level
 Blink                    Tloc           20%        N/A       95%         2
 Lesser Beckoning         Tloc           20%        N/A       95%         2
 Teleport Other           Tloc           10%        N/A       99%         3
 Call Canine Familiar     Summ           1%         N/A       100%        3
 Dazzling Flash           Conj/Hex       2%         N/A       100%        3
 Inner Flame              Hex/Fire       1%         N/A       100%        3
 Portal Projectile        Hex/Tloc       10%        N/A       100%        3
 Stone Arrow              Conj/Erth      2%         3d7       100%        3
 Vhi's Electric Charge    Tloc/Air       10%        N/A       100%        3
 Animate Armour           Summ/Erth      2%         N/A       100%        4
 Leda's Liquefaction      Hex/Erth       0%         N/A       100%        4
 Manifold Assault         Tloc           10%        N/A       100%        4
 Metabolic Englaciation   Hex/Ice        0%         N/A       100%        5
 Yara's Violent Unravell  Hex/Tmut       0%         3d3       100%        5
 Enfeeble                 Hex            0%         N/A       100%        7
 Lehudib's Crystal Spear  Conj/Erth      0%         10d2      100%        8


Dungeon Overview and Level Annotations

Branches:
Dungeon (4/15)
 Temple: D:4-7

Altars:

Portals:
Ossuary: D:4

Annotations:
D:3 Grinder


Message History

Throw: 2 darts (poison)
Press: ? - help, Q - select action, (/) - cycle Shift-Dir - straight line, f/p - ogre
Aim: an ogre, wielding a +0 giant club (moderately wounded, 73% to hit)
You throw a poisoned dart.
The poisoned dart barely misses the kobold.
The poisoned dart hits the ogre.
The ogre is poisoned.
The ogre is moderately wounded.
You block the kobold's attack.
The giant cockroach waves its antennae.
You hit the kobold but do no damage. The kobold hits you with a +0 club.
You closely miss the kobold.
The kobold hits you but does no damage. x2
You barely miss the kobold. The kobold hits you but does no damage.
You barely miss the kobold.
The kobold hits you but does no damage. x2
You hit the kobold.
The kobold is severely wounded.
You hear the slow hiss of an avalanche of sand very nearby.
The ogre looks more healthy.
The kobold hits you but does no damage.
You closely miss the kobold.
The kobold is severely wounded.
The kobold hits you but does no damage.
You hit the kobold.
You kill the kobold!
You hit the giant cockroach.
The giant cockroach is heavily wounded.
The giant cockroach bites you but does no damage. x2
You hit the giant cockroach.
You kill the giant cockroach!
Throw: dart (poison)
Press: ? - help, Q - select action, (/) - cycle Shift-Dir - straight line, f/p - ogre
Aim: an ogre, wielding a +0 giant club (heavily wounded, 73% to hit)
You throw a poisoned dart. The poisoned dart hits the ogre.
The ogre is heavily wounded.
The ogre hits you with a +0 giant club!
Throw: 5 boomerangs
Press: ? - help, Q - select action, (/) - cycle Shift-Dir - straight line, f/p - ogre
Aim: an ogre, wielding a +0 giant club (heavily wounded, 73% to hit)
You throw a boomerang. The boomerang hits the ogre!
The ogre is severely wounded.
The ogre hits you with a +0 giant club!
You die...

#####..........#
#..............#
#.###..........#
####.......# +##
####'.....#
#...#..)#.....###
#.>.#.>.##<.....#
#...#...##....#.###.##
### #########@........
... ##O#..... #.∩.#
#........ .#..:#
#........ ######O
#........ . #(.......
.# ##....... .......
.......


You could see an ogre.

Vanquished Creatures
  Ijyb (D:4)
  3 adders
  2 dart slugs (D:1)
  5 ball pythons (D:1)
  5 endoplasms
  2 giant cockroaches
  5 goblins
  5 hobgoblins
  6 jackals
  5 quokkas
  2 bats (D:2)
  A frilled lizard (D:2)
  7 kobolds
  4 rats
53 creatures vanquished.

Notes
Turn   | Place    | Note
-------+----------+-------------------------------------------
     0 | D:1      | ringo67 the Human Warper began the quest for the Orb.
     0 | D:1      | Reached XP level 1. HP: 16/16 MP: 3/3
    73 | D:1      | Reached XP level 2. HP: 22/22 MP: 5/5
   320 | D:1      | Reached XP level 3. HP: 26/27 MP: 6/6
  1079 | D:2      | Reached XP level 4. HP: 31/34 MP: 7/7
  1240 | D:2      | Found a faded altar of an unknown god.
  2256 | D:3      | Noticed Grinder
  2306 | D:4      | Noticed Ijyb
  2309 | D:4      | Found a sand-covered staircase.
  2341 | D:4      | Killed Ijyb
  2342 | D:4      | Reached XP level 5. HP: 18/41 MP: 8/8
  2345 | D:4      | Noticed an ogre
  2346 | D:4      | Got the Discursus on the Oath
  2457 | D:4      | Slain by an ogre

Illustrated notes

Levels and vault maps discovered:
D:1:      noname_arrival_rooms_in_the_neighbourhood, layout_basic,
          kennysheep_small_spiral, nrook_campfire
D:2:      layout_basic, shapermc_ecumenical_altar_flowoftime
D:3:      layout_loops_corners, uniq_grinder
D:4:      layout_rooms, minmay_temple_entry_ruins,
          nicolae_ossuary_entry_false_entrances, uniq_ijyb, uniq_edmund,
          uniq_sigmund

Skill      XL: |  1  2  3  4 |
---------------+-------------+-----
Armour         | 2 |  2.4
Maces & Flails | 3 |  3.1
Fighting       | 3 |  3.1
Throwing       | |  1.0
Dodging        | |  2.0
Shields        | |  0.6
Spellcasting   | |  2.0
Translocations | |  3.2

Action                     |  1- 3 |  4- 6 || total
---------------------------+-------+-------++-------
  Melee: Mace              |    93 |   138 ||   231
         Punch             |     1 |       ||     1
         Unarmed           |       |    13 ||    13
  Throw: Dart              |       |     6 ||     6
         Boomerang         |       |     1 ||     1
 Armour: Leather armour    |    10 |       ||    10
         Chain mail        |    66 |    93 ||   159
         Skin              |       |    16 ||    16
  Dodge: Dodged            |    32 |    75 ||   107
  Block: Buckler           |       |     4 ||     4
